AoeStats
← boatman

African Clearing

505505062Analyzed
4v4 RM · 23d ago on Sep 9, 2026· 49m 13s· 8 players
Game mode
Random Map
Map size
Large (8 player)
Population
200
Speed
Normal
Resources
Standard
Victory
Conquest
Starting age
Dark Age
Ending age
Imperial Age
RankedLock teamsTeams togetherTeam positionsShared explorationLock speedFull tech treeHidden civsTurbo modeCheats
Victory
Defeat
🇨🇦 Portuguese · Canada
1065
+14
🇬🇧 Persians · United Kingdom
1027
+15
1012
+16
🇩🇪 Japanese · Germany
994
+17
🇹🇷 Sicilians · Türkiye
1163
-22
🇹🇷 Persians · Türkiye
975
-14
🇮🇳 Hindustanis · India
963
-13
🇬🇧 Huns · United Kingdom
945
-13
Mooncore
13:33 Feudal Age
18:26 Castle Age
19:59 Man-at-Arms
30:40 Horse Collar
31:46 Forging
31:42 Scale Barding Armor
33:05 Loom
36:52 Imperial Age
36:38 Husbandry
36:49 Bloodlines
37:50 Wheelbarrow
36:39 Cavalier
42:17 Savar
44:52 Gold Mining
45:21 Hand Cart
46:28 Iron Casting
48:40 Blast Furnace
48:01 Chain Barding Armor
sebas4fr
3:50 Loom
15:20 Feudal Age
19:26 Castle Age
19:07 Double-Bit Axe
19:03 Horse Collar
25:15 Crossbowman
29:32 Wheelbarrow
30:28 Fletching
30:38 Padded Archer Armor
31:08 Gold Mining
31:36 Bodkin Arrow
32:07 Leather Archer Armor
32:16 Bow Saw
33:37 Thumb Ring
36:28 Hand Cart
35:59 Town Watch
37:10 Stone Mining
38:45 Ballistics
39:07 Treadmill Crane
39:37 Masonry
43:36 Imperial Age
41:23 Heavy Plow
41:38 Forging
41:28 Scale Mail Armor
41:16 Gambesons
41:14 Pikeman
42:40 Town Patrol
44:07 Iron Casting
43:47 Chain Mail Armor
46:12 Bracer
46:42 Ring Archer Armor
46:14 Arbalester
48:09 Chemistry
47:10 Halberdier
48:57 Masonry
49:17 Siege Engineers
50:19 Blast Furnace
49:49 Plate Mail Armor
chaconuribedesign
4:42 Loom
15:39 Feudal Age
16:17 Man-at-Arms
17:07 Arson
19:03 Forging
22:20 Castle Age
20:43 Horse Collar
21:45 Scale Mail Armor
22:24 Long Swordsman
22:27 Pikeman
24:05 Chain Mail Armor
25:17 Wheelbarrow
26:01 Squires
26:03 Double-Bit Axe
28:07 Iron Casting
27:40 Town Watch
28:26 Fletching
30:05 Bow Saw
36:29 Bodkin Arrow
[TodEs H] Ovejita Eléctrica
10:02 Loom
13:02 Feudal Age
14:02 Double-Bit Axe
21:37 Castle Age
20:29 Gold Mining
20:59 Fletching
24:00 Crossbowman
27:34 Town Watch
34:30 Wheelbarrow
36:51 Imperial Age
35:01 Thumb Ring
35:10 Horse Collar
36:06 Bodkin Arrow
36:11 Padded Archer Armor
36:35 Bow Saw
36:51 Ballistics
36:44 Bow Saw
37:03 Elite Elephant Archer
37:45 Bracer
38:00 Leather Archer Armor
38:50 Chemistry
39:06 Husbandry
40:05 Conscription
Clockwise Haggis
5:49 Loom
13:42 Feudal Age
14:54 Horse Collar
18:08 Arson
Oranos
13:30 Feudal Age
17:36 Castle Age
15:59 Double-Bit Axe
16:27 Horse Collar
17:12 Loom
23:57 Bow Saw
25:51 Wheelbarrow
26:04 Scale Barding Armor
26:52 Heavy Plow
27:49 Hand Cart
28:21 Chain Barding Armor
28:38 Bloodlines
28:45 Forging
29:15 Husbandry
29:39 Fletching
29:41 Light Cavalry
33:23 Imperial Age
31:04 Gold Mining
33:01 Iron Casting
32:55 Bodkin Arrow
33:35 Cavalier
34:38 Conscription
34:38 Hauberk
35:39 Plate Barding Armor
38:21 Blast Furnace
42:01 First Crusade
42:46 Scale Mail Armor
43:46 Chain Mail Armor
Dr.Foley
19:44 Feudal Age
17:59 Loom
20:16 Town Watch
21:08 Wheelbarrow
20:52 Double-Bit Axe
21:08 Horse Collar
21:27 Gold Mining
21:27 Stone Mining
26:55 Castle Age
25:36 Bloodlines
26:54 Scale Barding Armor
27:00 Forging
27:52 Bow Saw
27:46 Heavy Plow
30:09 Gold Shaft Mining
30:09 Stone Shaft Mining
31:38 Husbandry
32:02 Chain Barding Armor
37:34 Town Patrol
37:51 Hand Cart
39:07 Iron Casting
42:33 Imperial Age
42:29 Cavalier
43:54 Savar
45:55 Plate Barding Armor
47:16 Blast Furnace
boatman
15:17 Feudal Age
16:13 Horse Collar
16:22 Double-Bit Axe
18:53 Castle Age
17:31 Loom
21:04 Forging
20:59 Scale Barding Armor
Connection lost

Rejoining the realm…

Still unreachable

The connection could not be restored.

Session expired

The server has moved on; the page needs a fresh start.